 Dungeon Crawl Stone Soup version 0.27.1-33-g824d729ab1 (webtiles) character file.

Game seed: 10259792519910741344

380 potato4science the Shield-Bearer (level 7, -3/54 HPs)
             Began as a Formicid Fighter on Dec 24, 2021.
             Slain by Blork the orc (5 damage)
             ... on level 4 of the Dungeon.
             The game lasted 00:19:02 (4312 turns).

potato4science the Shield-Bearer (Formicid Fighter) Turns: 4312, Time: 00:19:04

Health: -3/54      AC: 10    Str: 20    XL:     7   Next: 5%
Magic:  0/7        EV:  9    Int: 10    God:
Gold:   197        SH: 11    Dex: 16    Spells: 6/6 levels left

rFire    . . .     SeeInvis +   a - +0 war axe
rCold    . . .     Faith    .   c - +1 kite shield
rNeg     . . .     Spirit   +   b - +0 scale mail
rPois    .         Reflect  .   (helmet unavailable)
rElec    .         Harm     .   (no cloak)
rCorr    .         Rampage  .   (no gloves)
Will     .....                  d - +2 pair of boots {Stlth+}
Stlth    ++........             i - amulet of guardian spirit
HPRegen  0.18/turn              m - +6 ring of dexterity
MPRegen  0.10/turn              (no ring)

@: attractive
A: permanent stasis, dig shafts and tunnels, antennae 3, four strong arms
a: Dig, Shaft Self


You were on level 4 of the Dungeon.
You visited 1 branch of the dungeon, and saw 4 of its levels.

You collected 197 gold pieces.

Inventory:

Hand Weapons
 a - a +0 war axe (weapon)
 e - a +1 dagger of venom
Missiles
 f - 115 stones (quivered)
 j - 6 javelins
 n - 38 sling bullets
 o - 3 boomerangs
Armour
 b - a +0 scale mail (worn)
 c - a +1 kite shield (worn)
 d - a +2 pair of boots of stealth (worn)
Jewellery
 i - an amulet of guardian spirit (around neck)
 m - a +6 ring of dexterity (left hand)
Wands
 r - a wand of flame (16)
Scrolls
 g - a scroll of identify
 k - a scroll of teleportation {unknown}
Potions
 h - a potion of mutation
 p - a potion of flight


   Skills:
 - Level 4.0 Fighting
 - Level 3.0 Axes
 - Level 4.0 Armour
 + Level 2.1 Dodging
 - Level 3.0 Stealth
 - Level 5.0 Shields
 - Level 3.0 Evocations


You had 6 spell levels left.
You didn't know any spells.
Your spell library contained the following spells:

 Spells                   Type           Power      Damage    Failure   Level
 Slow                     Hex            0%         N/A       98%         2
 Confusing Touch          Hex            0%         N/A       100%        3
 Dazzling Flash           Conj/Hex       0%         N/A       100%        3
 Vampiric Draining        Necr           0%         2d6       100%        3
 Iskenderun's Mystic Bla  Conj/Tloc      0%         2d3       100%        4
 Starburst                Conj/Fire      0%         6d3       100%        6


Dungeon Overview and Level Annotations

Branches:
Dungeon (4/15)
 Temple: D:4-7

Altars:

Shops:
D:1 (   D:2 (

Annotations:
D:2 1 runed translucent door, Crazy Yiuf
D:4 Blork the orc, Pikel


Innate Abilities, Weirdness & Mutations

You cannot be hasted, slowed, berserked, paralysed or teleported.
You can dig through walls and to a lower floor.
You have a pair of large antennae on your head. (SInv)
Your four strong arms can wield two-handed weapons with a shield.


Message History

You block Blork the orc's attack. The adder barely misses you.
You barely miss Blork the orc.
Blork the orc is moderately wounded.
You hit the adder.
Blork the orc hits you with a +0 dire flail.
The adder bites you.
Blork the orc hits you with a +0 dire flail.
The adder bites you.
You hit the adder.
The adder is severely wounded.
You barely miss Blork the orc. You block Blork the orc's attack.
The adder barely misses you.
Blork the orc points at you and mumbles some strange words.
You block the puff of flame. The adder bites you but does no damage.
You slash the adder!
You kill the adder!
You hit Blork the orc but do no damage. Blork the orc closely misses you.
You block Blork the orc's attack.
You closely miss the goblin.
The goblin is heavily wounded.
You hit Blork the orc.
Blork the orc gestures at you while chanting.
The magic dart hits you. You block the goblin's attack.
Blork the orc closely misses you. The goblin barely misses you.
Blork the orc hits you with a +0 dire flail.
* * * LOW HITPOINT WARNING * * *
You hit the goblin but do no damage.
The goblin is heavily wounded.
You barely miss Blork the orc. Blork the orc closely misses you.
You block the goblin's attack.
Blork the orc gestures at you while chanting.
The puff of flame hits you.
* * * LOW HITPOINT WARNING * * *
You hit the goblin.
You kill the goblin!
You hit Blork the orc but do no damage.
Blork the orc hits you with a +0 dire flail!
* * * LOW HITPOINT WARNING * * *
Blork the orc hits you with a +0 dire flail.
You die...

....#....(..# ##
............# #.
............# #.
.....#####'###..### ##. .o.
####(# #..##.# ##.. . #.##.#
#..##..######... #.##)#
#..##..........#
######.##.###..##..........#
+.........)@#..##..........#
.######(####o#..#####........
......(.o....#..#####........
#######.######...............
...............#.............
.######.#.######.............
#.#.# #.....####....
#.#.##.........# #.#+#
#.#.##......#### #...#


You could see Blork the orc (fast).

Vanquished Creatures
  Sigmund (D:3)
  2 lemures
  2 orc wizards (D:4)
  Robin (D:2)
  4 adders
  3 gnolls (D:2)
  3 dart slugs (D:3)
  9 orcs
  2 bats (D:2)
  8 endoplasms
  5 giant cockroaches
  13 goblins
  7 hobgoblins
  8 jackals
  5 quokkas
  3 ball pythons
  A frilled lizard (D:2)
  8 kobolds
  4 rats
89 creatures vanquished.

Vanquished Creatures (others)
  2 plants (D:1)
2 creatures vanquished.

Grand Total: 91 creatures vanquished

Notes
Turn   | Place    | Note
-------+----------+-------------------------------------------
     0 | D:1      | potato4science the Formicid Fighter began the quest for the
                  | Orb.
     0 | D:1      | Reached XP level 1. HP: 18/18 MP: 1/1
   119 | D:1      | Reached skill level 1 in Stealth
   127 | D:1      | Found a faded altar of an unknown god.
   198 | D:1      | Reached skill level 1 in Dodging
   198 | D:1      | Reached XP level 2. HP: 19/24 MP: 2/2
   531 | D:1      | Reached XP level 3. HP: 27/29 MP: 3/3
   658 | D:1      | Found Diuw's Weapon Shoppe.
  1315 | D:2      | Reached XP level 4. HP: 35/35 MP: 4/4
  1539 | D:2      | Reached skill level 4 in Shields
  1849 | D:2      | Reached XP level 5. HP: 41/41 MP: 5/5
  1901 | D:2      | Noticed Robin
  1957 | D:2      | Found a runed translucent door.
  1958 | D:2      | Noticed Crazy Yiuf
  1998 | D:2      | Killed Robin
  2064 | D:2      | Found Piuso's Weapon Shop.
  2435 | D:3      | Noticed Sigmund
  3015 | D:3      | Killed Sigmund
  3016 | D:3      | Reached XP level 6. HP: 25/48 MP: 3/6
  3575 | D:4      | Noticed Blork the orc
  3712 | D:4      | Identified a scroll of acquirement
  3712 | D:4      | Acquired a +2 pair of boots of stealth
  3847 | D:4      | Noticed Pikel
  4148 | D:4      | Reached skill level 5 in Shields
  4148 | D:4      | Reached XP level 7. HP: 45/54 MP: 7/7
  4312 | D:4      | HP: 2/54 [Blork the orc (9)]
  4312 | D:4      | Slain by Blork the orc

Illustrated notes

Levels and vault maps discovered:
D:1:      minmay_arrival_shattered_statue, layout_rooms,
          chequers_ecumenical_altar_lobes, serial_shops, shop
D:2:      layout_loops_ring, serial_shops, shop_coins, uniq_crazy_yiuf_cottage,
          uniq_robin
D:3:      layout_rooms, uniq_sigmund
D:4:      layout_basic, kennysheep_generic_room_3, uniq_blork_the_orc,
          uniq_pikel

Skill      XL: |  1  2  3  4  5  6 |
---------------+-------------------+-----
Stealth        | 1 2 3 |  3.0
Dodging        | 1 2 |  2.1
Shields        | 4 5 |  5.0
Axes           | 3 |  3.0
Fighting       | 4 |  4.0
Armour         | 4 |  4.0
Evocations     | 3 |  3.0

Action                   |  1- 3 |  4- 6 |  7- 9 || total
-------------------------+-------+-------+-------++-------
Melee: War axe           |    71 |   223 |    19 ||   313
Throw: Stone             |    58 |    75 |     4 ||   137
  Use: Potion            |     1 |     1 |     1 ||     3
       Scroll            |       |     6 |       ||     6
Armor: Scale mail        |    35 |    64 |    13 ||   112
Dodge: Dodged            |    22 |    69 |    11 ||   102
Block: Kite shield       |    30 |   136 |    18 ||   184
